 Dungeon Crawl Stone Soup version 0.31.0-9-g3a7656b989 (webtiles) character file.

Game seed: 5750578390816014027

6 Killerpretzel the Digger (level 1, -2/10 HPs)
             Began as a Gargoyle Earth Elementalist on Jan 28, 2024.
             Slain by a kobold
             ... wielding a +0 short sword of speed
              (4 damage)
             ... on level 1 of the Dungeon.
             The game lasted 00:00:30 (107 turns).

Killerpretzel the Digger (GrEE)                      Turns: 107, Time: 00:00:31

Health: -2/10      AC:  4    Str: 11    XL:     1   Next: 90%
Magic:  0/3        EV: 12    Int: 15    God:
Gold:   22         SH:  0    Dex: 10    Spells: 3/4 levels left

rFire   . . .        (no weapon)
rCold   . . .        (no shield)
rNeg    + . .        a - +0 robe
rPois   ∞            (no helmet)
rElec   +            (no cloak)
rCorr   .            (no gloves)
SInv    .            (no boots)
Will    .....        (no amulet)
Stlth   ++           (no ring)
HPRegen 0.21/turn    (no ring)
MPRegen 0.08/turn

%: no passive effects
@: no status effects
A: sickness immunity, AC +2, negative energy resistance 1, electricity
resistance, torment resistance 1, petrification resistance
a: no special abilities


You were on level 1 of the Dungeon.
You visited 1 branch of the dungeon, and saw 1 of its levels.

You collected 22 gold pieces.

Inventory:

Armour
 a - a +0 robe (worn)
Potions
 b - a potion of magic


   Skills:
 + Level 1.6 Dodging
 + Level 2.3 Stealth
 + Level 2.1 Spellcasting
 + Level 1.3 Conjurations
 + Level 3.7 Earth Magic


You had 3 spell levels left.
You knew the following spells:

 Your Spells              Type           Power      Damage    Failure   Level
a - Sandblast             Erth           24%        2d8       4%          1

Your spell library contained the following spells:

 Spells                   Type           Power      Damage    Failure   Level
 Passwall                 Erth           12%        N/A       14%         3
 Stone Arrow              Conj/Erth      18%        3d8       24%         3
 Brom's Barrelling Bould  Conj/Erth      9%         2d3       61%         4
 Petrify                  Alch/Erth      7%         N/A       71%         4


Dungeon Overview and Level Annotations

Branches:
Dungeon (1/15)

Altars:


Innate Abilities, Weirdness & Mutations

You are immune to sickness and miasma.
Your stone body is resilient. (AC +2)
You are immune to poison.
You resist negative energy. (rN+)
You are resistant to electric shocks. (rElec)
You are resistant to unholy torment.
You are immune to petrification.


Message History

There are monsters nearby!
The bat completely misses you. The kobold closely misses you.
There are monsters nearby!
You hit the kobold but do no damage. The bat hits you but does no damage.
The kobold closely misses you. The bat misses you.
There are monsters nearby!
You hit the bat.
The bat is severely wounded.
The bat misses you.
The kobold hits you with a +0 short sword of speed.
The kobold barely misses you.
There are monsters nearby!
You hit the kobold but do no damage. The bat hits you but does no damage.
The kobold hits you but does no damage.
There are monsters nearby!
You closely miss the kobold. Your punch misses the kobold.
The bat closely misses you. The kobold closely misses you.
The kobold hits you with a +0 short sword of speed.
The bat hits you but does no damage.
There are monsters nearby!
You hit the bat.
The bat is severely wounded.
The bat barely misses you. The bat closely misses you.
The kobold hits you with a +0 short sword of speed.
There are monsters nearby!
Casting: Sandblast (safe; 4% risk of failure)
Confirm with . or Enter, or press ? or * to list all spells.
Aiming: Sandblast (safe; 4% risk of failure)
Press: ? - help, Shift-Dir - straight line, f/p - bat
Aim: a bat (heavily wounded, 73% to hit)
The blast of sand hits the bat.
You kill the bat!
The kobold hits you with a +0 short sword of speed.
* * * LOW HITPOINT WARNING * * *
The kobold hits you but does no damage.
You are too injured to fight recklessly!
A kobold is nearby!
The kobold attacks as it pursues you!
The kobold hits you with a +0 short sword of speed.
You die...

####.### #.
#.# #. ## #.#
#. .. #.####
#. .# # #....#
#.##.##.#
####.#
#.......# #.#
#......#
#.#####K#.##.#
#[....@...#
#######.###
#.# #.. ####


You could see a kobold.

Vanquished Creatures
  A bat (D:1)
  2 endoplasms (D:1)
  A quokka (D:1)
  A rat (D:1)
5 creatures vanquished.

Notes
Turn   | Place    | Note
-------+----------+-------------------------------------------
     0 | D:1      | Killerpretzel the Gargoyle Earth Elementalist began the
                  | quest for the Orb.
     0 | D:1      | Reached XP level 1. HP: 10/10 MP: 3/3
   107 | D:1      | Slain by a kobold

Illustrated notes

Levels and vault maps discovered:
D:1:      onia_arrival_handbag, layout_loops_cross, minmay_door_square

Action                     || total
---------------------------++-------
  Melee: Unarmed           ||     7
   Cast: Sandblast         ||     7
 Armour: Robe              ||    11
  Dodge: Dodged            ||    19
